Map: Orbital Shipyard

Players

EzPz - Winner!

  • Race: Protoss Protoss

NorthWind

  • Race: Zerg Zerg
  • League: Bronze

VOD

Have the link to the VOD?

Description

Time

  • Played on: Nov. 21, 2015, 11:10 a.m.
  • Length: 9:10
Show
View Real Time Build Order
Export as new Build Order

EzPz Protoss - Winner!

Build Orders: Nexus First 

Get SALT Encoding   

  12  0:01  Probe (Chrono Boost)  
  13  0:11  Probe (Chrono Boost)  
  14  0:18  Pylon  
  14  0:22  Probe (Chrono Boost)  
  15  0:36  Probe (Chrono Boost)  
  16  0:46  Probe (Chrono Boost)  
  17  0:58  Nexus  
  17  1:09  Probe (Chrono Boost)  
  18  1:15  Gateway  
  18  1:19  Probe (Chrono Boost)  
  18  1:20  Assimilator  
  19  1:30  Probe (Chrono Boost)  
  20  1:35  Gateway  
  20  1:40  Probe (Chrono Boost)  
  21  1:51  Probe (Chrono Boost)  
  21  1:52  Pylon  
  22  2:01  Probe (Chrono Boost)  
  22  2:03  Cybernetics Core  
  23  2:12  Probe x2 (Chrono Boost)  
  27  2:22  Probe x2 (Chrono Boost)  
  27  2:33  Probe x2 (Chrono Boost)  
  29  2:39  Warp Gate  
  29  2:40  Adept x2 (Chrono Boost)  
  29  2:44  Probe x2  
  35  2:56  Probe x2  
  37  3:05  Nexus  
  37  3:06  Pylon  
  37  3:08  Probe  
  38  3:18  Probe (Chrono Boost)  
  39  3:20  Probe (Chrono Boost)  
  39  3:22  Adept (Chrono Boost)  
  39  3:24  Adept (Chrono Boost)  
  44  3:30  Mothership Core (Chrono Boost)  
  44  3:31  Assimilator  
  46  3:37  Probe (Chrono Boost)  
  47  3:47  Pylon  
  48  3:49  Probe x2 (Chrono Boost)  
  48  3:54  Assimilator  
  49  3:57  Stalker  
  49  3:59  Assimilator  
  49  4:01  Probe (Chrono Boost)  
  52  4:03  Gateway  
  52  4:04  Gateway  
  52  4:07  Probe (Chrono Boost)  
  53  4:14  Probe (Chrono Boost)  
  53  4:16  Gateway  
  54  4:17  Probe (Chrono Boost)  
  54  4:18  Pylon  
  55  4:26  Probe (Chrono Boost)  
  55  4:28  Probe (Chrono Boost)  
  57  4:36  Stargate  
  57  4:37  Probe (Chrono Boost), Stargate  
  59  4:38  Probe (Chrono Boost)  
  59  4:48  Probe x2 (Chrono Boost)  
  59  4:49  Probe (Chrono Boost)  
  62  4:58  Probe (Chrono Boost)  
  62  4:59  Probe x2 (Chrono Boost)  
  65  5:03  Adept x3  
  71  5:09  Probe x2 (Chrono Boost), Assimilator  
  71  5:13  Pylon  
  73  5:16  Gateway  
  73  5:19  Gateway  
  73  5:20  Phoenix (Chrono Boost)  
  73  5:21  Phoenix (Chrono Boost)  
  77  5:24  Probe  
  77  5:25  Probe  
  77  5:26  Probe  
  80  5:31  Sentry, Adept  
  80  5:32  Adept  
  80  5:33  Stalker  
  88  5:37  Probe  
  89  5:43  Phoenix x2 (Chrono Boost)  
  89  5:46  Pylon  
  89  5:47  Pylon  
  93  6:02  Probe  
  93  6:04  Probe  
  95  6:05  Phoenix x2 (Chrono Boost)  
  99  6:17  Gateway  
  99  6:21  Gateway  
  99  6:23  Forge  
  99  6:25  Forge  
  99  6:26  Pylon  
  99  6:28  Pylon  
  99  6:29  Phoenix x2 (Chrono Boost)  
  103  6:34  Robotics Facility  
  101  6:52  Pylon  
  101  6:58  Stalker x3  
  101  6:59  Stalker, Probe, Adept  
  101  7:00  Probe x2  
  114  7:05  Assimilator  
  114  7:09  Probe  
  114  7:12  Probe  
  116  7:19  Probe  
  116  7:20  Void Ray x2 (Chrono Boost)  
  116  7:21  Observer  
  126  7:23  Zealot  
  126  7:24  Zealot x2  
  132  7:40  Probe  
  133  7:51  Fleet Beacon  
  133  8:01  Nexus  
  133  8:02  Pylon  
  133  8:04  Pylon  
  133  8:07  Assimilator  
  133  8:09  Assimilator  
  133  8:10  Pylon  
  133  8:19  Adept  
  143  8:49  Probe  
  143  8:50  Probe x2  
  143  8:53  Pylon  
  143  8:54  Adept x2  
  143  8:55  Gateway, Adept x3  
  156  8:57  Gateway  
Show
View Real Time Build Order
Export as new Build Order

NorthWind Zerg 

Build Orders: 3 Hatch before Pool 

Get SALT Encoding   

  12  0:01  Drone  
  13  0:22  Overlord  
  13  0:24  Drone  
  14  0:44  Hatchery  
  13  0:53  Drone x2  
  13  0:54  Drone  
  16  1:20  Hatchery  
  15  1:32  Spawning Pool  
  15  1:36  Drone  
  15  1:40  Drone  
  15  1:44  Drone  
  17  1:51  Extractor  
  17  1:52  Drone  
  17  1:56  Drone  
  17  1:59  Drone  
  19  2:06  Drone  
  20  2:13  Drone  
  21  2:21  Queen  
  23  2:23  Queen  
  25  2:30  Overlord  
  25  2:33  Drone  
  26  2:38  Drone  
  26  2:39  Drone  
  28  2:54  Drone x5  
  33  3:02  Queen  
  35  3:08  Drone x3  
  38  3:14  Overlord  
  38  3:22  Drone x4  
  42  3:35  Zergling x8  
  42  3:40  Drone x2  
  42  3:41  Drone x2  
  50  3:43  Overlord  
  50  3:45  Overlord  
  50  4:07  Drone x4  
  50  4:08  Drone  
  55  4:25  Lair  
  55  4:26  Metabolic Boost  
  55  4:34  Extractor  
  55  4:37  Extractor  
  55  4:38  Drone, Extractor  
  52  4:39  Drone x3  
  52  4:41  Drone  
  52  4:42  Drone x2  
  52  4:44  Drone x3  
  62  5:02  Overlord x4  
  62  5:20  Drone x3  
  65  5:22  Drone  
  66  5:31  Hydralisk Den  
  65  5:36  Spire  
  64  5:54  Zergling x2  
  64  5:55  Zergling x12  
  71  6:03  Muscular Augments  
  71  6:04  Hydralisk x5  
  71  6:05  Hydralisk x3  
  83  6:24  Hydralisk x3  
  87  6:55  Overlord x3  
  87  6:56  Overlord x2  
  87  7:05  Pneumatized Carapace  
  85  7:36  Hydralisk  
  85  7:37  Hydralisk x5  
  97  7:47  Spore Crawler  
  97  7:51  Spore Crawler  
  95  7:52  Spore Crawler  
  94  7:59  Overlord x3  
  66  8:27  Mutalisk x2  
  66  8:28  Mutalisk x7  
  66  8:33  Queen  
  74  8:48  Extractor  
  77  8:57  Extractor  
Tags
 
Add a new tag
Caveats
  • Supply blocks, unpowered buildings, or Contaminate may cause inaccurate times.
  • Supply counts are checked every 10 seconds.